IL
IOWA CUBS @ GWINNETT BRAVES
06/09/2048
 
TOP OF THE 1ST
Iowa Cubs batting - Pitching for Gwinnett Braves : LHP Eduardo Baez
Pitching: LHP Eduardo Baez
Batting: SHB Gabriel Cruz 0-0: Called Strike
0-1: Called Strike
0-2: Strikes out swinging
Batting: RHB Jon Aguilar 0-0: Fly out, F9 (Flyball, 9D, EV 101.2 MPH)
Batting: RHB Ricardo Aguinaga 0-0: Ball
1-0: Foul Ball, location: 2F
1-1: Ground out 5-3 (Groundball, 56, EV 81.9 MPH)
Top of the 1st over - 0 runs, 0 hits, 0 errors, 0 left on base; Iowa 0 - Gwinnett 0
BOTTOM OF THE 1ST
Gwinnett Braves batting - Pitching for Iowa Cubs : RHP Nicolai Volnov
Pitching: RHP Nicolai Volnov
Batting: RHB Nate Taylor 0-0: Ball
1-0: Ball
2-0: SOLO HOME RUN (Flyball, 7D, EV 93.1 MPH), Distance : 363 ft
Batting: RHB Edgar Castillo 0-0: Foul Ball, location: 2F
0-1: Ball
1-1: Foul Ball, location: 2F
1-2: Ball
2-2: Foul Ball, location: 2F
2-2: Strikes out swinging wild pitch, reaches first!
Batting: LHB David Bramble 0-0: Ball
1-0: Grounds into double play, 4-6-3 (Groundball, 3, EV 77.5 MPH)
Batting: SHB Bob Morales 0-0: Ball
1-0: Foul Ball, location: 2F
1-1: Foul Ball, location: 2F
1-2: Ball
2-2: Strikes out looking
Bottom of the 1st over - 1 run, 1 hit, 0 errors, 0 left on base; Iowa 0 - Gwinnett 1
TOP OF THE 2ND
Iowa Cubs batting - Pitching for Gwinnett Braves : LHP Eduardo Baez
Batting: RHB Adam O'Hare 0-0: Ball
1-0: Swinging Strike
1-1: Foul Ball, location: 2F
1-2: Ball
2-2: Ball
3-2: Foul Ball, location: 2F
3-2: Base on Balls
Batting: RHB Brian Gargis 0-0: Ball
1-0: Foul Ball, location: 2F
1-1: Foul Ball, location: 2F
1-2: Ball
2-2: Ball
3-2: Strikes out swinging
Batting: LHB Mark Ingram 0-0: Ball
1-0: Swinging Strike
1-1: Called Strike
1-2: Ball
2-2: Strikes out looking
Batting: RHB Pat Barton 0-0: Called Strike
0-1: Swinging Strike
0-2: Ball
1-2: Strikes out swinging
Top of the 2nd over - 0 runs, 0 hits, 0 errors, 1 left on base; Iowa 0 - Gwinnett 1
BOTTOM OF THE 2ND
Gwinnett Braves batting - Pitching for Iowa Cubs : RHP Nicolai Volnov
Batting: LHB Chris Locklear 0-0: Ball
1-0: Ball
2-0: Called Strike
2-1: Ball
3-1: Fly out, F5 (Popup, 15, EV 83.8 MPH)
Batting: LHB Mark Buchholz 0-0: Ball
1-0: Foul Ball, location: 2F
1-1: Fly out, F7 (Flyball, 7D, EV 103.8 MPH)
Batting: RHB Alex Munoz 0-0: Called Strike
0-1: Swinging Strike
0-2: Foul Ball, location: 2F
0-2: Ball
1-2: Strikes out swinging
Bottom of the 2nd over - 0 runs, 0 hits, 0 errors, 0 left on base; Iowa 0 - Gwinnett 1
TOP OF THE 3RD
Iowa Cubs batting - Pitching for Gwinnett Braves : LHP Eduardo Baez
Batting: LHB Sumiki Okuhara 0-0: Swinging Strike
0-1: Ball
1-1: Ball
2-1: Foul Ball, location: 2F
2-2: Strikes out swinging
Batting: RHB Rich Thurman 0-0: Called Strike
0-1: Called Strike
0-2: Ball
1-2: Ground out 6-3 (Groundball, 6, EV 79.4 MPH)
Batting: SHB Gabriel Cruz 0-0: Ball
1-0: Swinging Strike
1-1: Fly out, F9 (Flyball, 9LM, EV 76.9 MPH)
Top of the 3rd over - 0 runs, 0 hits, 0 errors, 0 left on base; Iowa 0 - Gwinnett 1
BOTTOM OF THE 3RD
Gwinnett Braves batting - Pitching for Iowa Cubs : RHP Nicolai Volnov
Batting: RHB Mike Meeker 0-0: Foul Ball, location: 2F
0-1: Ball
1-1: Fly out, F9 (Flyball, 89S, EV 89.4 MPH)
Batting: SHB Eric Reeser 0-0: Foul Ball, location: 2F
0-1: Ball
1-1: Called Strike
1-2: Ground out U3 (Groundball, 3S, EV 75.0 MPH)
Batting: RHB Nate Taylor 0-0: Ball
1-0: Called Strike
1-1: Ball
2-1: Ball
3-1: Fly out, F3 (Popup, 3S, EV 73.8 MPH)
Bottom of the 3rd over - 0 runs, 0 hits, 0 errors, 0 left on base; Iowa 0 - Gwinnett 1
TOP OF THE 4TH
Iowa Cubs batting - Pitching for Gwinnett Braves : LHP Eduardo Baez
Batting: RHB Jon Aguilar 0-0: Ball
1-0: Fly out, F8 (Flyball, 8RS, EV 89.4 MPH)
Batting: RHB Ricardo Aguinaga 0-0: Called Strike
0-1: Called Strike
0-2: Ground out 3-1 (Groundball, 13, EV 81.2 MPH)
Batting: RHB Adam O'Hare 0-0: Called Strike
0-1: Swinging Strike
0-2: Foul Ball, location: 2F
0-2: Foul Ball, location: 2F
0-2: Ball
1-2: Strikes out swinging
Top of the 4th over - 0 runs, 0 hits, 0 errors, 0 left on base; Iowa 0 - Gwinnett 1
BOTTOM OF THE 4TH
Gwinnett Braves batting - Pitching for Iowa Cubs : RHP Nicolai Volnov
Batting: RHB Edgar Castillo 0-0: Ball
1-0: Ball
2-0: Ball
3-0: Base on Balls
Batting: LHB David Bramble 0-0: 2-RUN HOME RUN (Flyball, 9LD, EV 98.1 MPH), Distance : 364 ft
Batting: SHB Bob Morales 0-0: Called Strike
0-1: Ball
1-1: Ball
2-1: Foul Ball, location: 2F
2-2: Strikes out swinging
Batting: LHB Chris Locklear 0-0: Called Strike
0-1: Ground out U3 (Groundball, 3, EV 84.4 MPH)
Batting: LHB Mark Buchholz 0-0: Ball
1-0: Called Strike
1-1: Called Strike
1-2: Foul Ball, location: 2F
1-2: Strikes out looking
Bottom of the 4th over - 2 runs, 1 hit, 0 errors, 0 left on base; Iowa 0 - Gwinnett 3
TOP OF THE 5TH
Iowa Cubs batting - Pitching for Gwinnett Braves : LHP Eduardo Baez
Batting: RHB Brian Gargis 0-0: Ball
1-0: Fly out, F9 (Flyball, 89M, EV 95.0 MPH)
Batting: LHB Mark Ingram 0-0: Ball
1-0: Ball
2-0: Ground out 4-3 (Groundball, 4, EV 103.1 MPH)
Batting: RHB Pat Barton 0-0: Swinging Strike
0-1: Ball
1-1: Called Strike
1-2: Foul Ball, location: 2F
1-2: Foul Ball, location: 2F
1-2: Ground out 4-3 (Groundball, 4, EV 91.9 MPH)
Top of the 5th over - 0 runs, 0 hits, 0 errors, 0 left on base; Iowa 0 - Gwinnett 3
BOTTOM OF THE 5TH
Gwinnett Braves batting - Pitching for Iowa Cubs : RHP Nicolai Volnov
Batting: RHB Alex Munoz 0-0: Ball
1-0: Ball
2-0: Called Strike
2-1: SINGLE (Flyball, 5D, EV 91.9 MPH)
Batting: RHB Mike Meeker 0-0: Called Strike
0-1: Called Strike
Alex Munoz steals 2nd base
0-2: Ball
1-2: Ball
2-2: Foul Ball, location: 2F
2-2: Strikes out looking
Batting: SHB Eric Reeser 0-0: Ball
Alex Munoz steals 3rd base
1-0: Fly out, F8 (Flyball, 8LXD, EV 103.1 MPH)
Runner from 3rd tags up, SCORES, no throw by CF
Batting: RHB Nate Taylor 0-0: Called Strike
0-1: Fly out, F7 (Flyball, 7, EV 94.4 MPH)
Bottom of the 5th over - 1 run, 1 hit, 0 errors, 0 left on base; Iowa 0 - Gwinnett 4
TOP OF THE 6TH
Iowa Cubs batting - Pitching for Gwinnett Braves : LHP Eduardo Baez
Batting: LHB Sumiki Okuhara 0-0: Called Strike
0-1: DOUBLE (Line Drive, 78D, EV 111.2 MPH)
Batting: RHB Rich Thurman 0-0: Called Strike
0-1: Foul Ball, location: 2F
0-2: Strikes out swinging
Batting: SHB Gabriel Cruz 0-0: Ball
1-0: Called Strike
1-1: Swinging Strike
1-2: Foul Ball, location: 2F
1-2: Foul Ball, location: 2F
1-2: Strikes out swinging
Batting: RHB Jon Aguilar 0-0: Ball
1-0: Called Strike
1-1: Ball
2-1: Ball
3-1: Ground out 6-3 (Groundball, 6, EV 94.4 MPH)
Top of the 6th over - 0 runs, 1 hit, 0 errors, 1 left on base; Iowa 0 - Gwinnett 4
BOTTOM OF THE 6TH
Gwinnett Braves batting - Pitching for Iowa Cubs : RHP Nicolai Volnov
Batting: RHB Edgar Castillo 0-0: Called Strike
0-1: Ball
1-1: Ball
2-1: Foul Ball, location: 2F
2-2: Ground out 6-3 (Groundball, 6M, EV 84.4 MPH)
Batting: LHB David Bramble 0-0: Foul Ball, location: 2F
0-1: Foul Ball, location: 2F
0-2: Ball
1-2: Foul Ball, location: 2F
1-2: Foul Ball, location: 2F
1-2: Fly out, F8 (Flyball, 8RD, EV 99.4 MPH)
Batting: SHB Bob Morales 0-0: SINGLE (Flyball, 34D, EV 93.8 MPH)
Batting: LHB Chris Locklear 0-0: SINGLE (Groundball, 34S, EV 88.8 MPH) (infield hit)
Bob Morales to second
Pitching: RHP Jose Ramirez
Batting: LHB Mark Buchholz 0-0: Ball
1-0: Called Strike
1-1: Ball
2-1: Ball
3-1: Swinging Strike
3-2: Foul Ball, location: 2F
3-2: Foul Ball, location: 2F
3-2: Foul Ball, location: 2F
3-2: Base on Balls
Bob Morales to third
Chris Locklear to second
Batting: RHB Alex Munoz 0-0: Ball
1-0: Swinging Strike
1-1: Ball
2-1: Foul Ball, location: 2F
2-2: Foul Ball, location: 2F
2-2: Ball
3-2: Base on Balls
Bob Morales scores
Chris Locklear to third
Mark Buchholz to second
Batting: RHB Mike Meeker 0-0: Ball
1-0: Ball
2-0: Foul Ball, location: 2F
2-1: Fly out, F9 (Flyball, 9S, EV 91.2 MPH)
Bottom of the 6th over - 1 run, 2 hits, 0 errors, 3 left on base; Iowa 0 - Gwinnett 5
TOP OF THE 7TH
Iowa Cubs batting - Pitching for Gwinnett Braves : LHP Eduardo Baez
Batting: RHB Ricardo Aguinaga 0-0: Ball
1-0: Called Strike
1-1: Fly out, F8 (Flyball, 8LM, EV 89.4 MPH)
Batting: RHB Adam O'Hare 0-0: Ball
1-0: Foul Ball, location: 2F
1-1: Foul Ball, location: 2F
1-2: Foul Ball, location: 2F
1-2: Ball
2-2: Ground out 6-3 (Groundball, 6, EV 89.4 MPH)
Batting: RHB Brian Gargis 0-0: Called Strike
0-1: Swinging Strike
0-2: Reached on error, E5 (Groundball, 56, EV 103.8 MPH)
Batting: LHB Mark Ingram 0-0: Fly out, F8 (Line Drive, 8RD, EV 89.4 MPH)
Top of the 7th over - 0 runs, 0 hits, 1 error, 1 left on base; Iowa 0 - Gwinnett 5
BOTTOM OF THE 7TH
Gwinnett Braves batting - Pitching for Iowa Cubs : RHP Jose Ramirez
Batting: SHB Eric Reeser 0-0: Ball
1-0: Ball
2-0: SINGLE (Groundball, 4, EV 97.5 MPH)
Batting: RHB Nate Taylor 0-0: Called Strike
0-1: Fielders Choice at 2nd, 5-4 (Groundball, 5L, EV 78.1 MPH)
Batting: RHB Edgar Castillo 0-0: Swinging Strike
0-1: Foul Ball, location: 2F
0-2: Ball
1-2: Foul Ball, location: 2F
1-2: Foul Ball, location: 2F
1-2: Ball
2-2: Ball
3-2: Base on Balls
Nate Taylor to second
Pitching: RHP Arnaldo Cardamenho
Batting: LHB David Bramble 0-0: Called Strike
0-1: Swinging Strike
0-2: Grounds into double play, 1-4-3 (Groundball, 15S, EV 67.5 MPH)
Bottom of the 7th over - 0 runs, 1 hit, 0 errors, 1 left on base; Iowa 0 - Gwinnett 5
TOP OF THE 8TH
Iowa Cubs batting - Pitching for Gwinnett Braves : LHP Eduardo Baez
Batting: RHB Pat Barton 0-0: Called Strike
0-1: Called Strike
0-2: Foul Ball, location: 2F
0-2: Ball
1-2: Strikes out swinging
Pinch Hitting: SHB Seung-ho Zhang 0-0: Ball
1-0: Ball
2-0: SINGLE (Groundball, 6M, EV 86.2 MPH) (infield hit)
Pitching: RHP Ryan Casey
Batting: RHB Rich Thurman 0-0: Called Strike
0-1: Swinging Strike
0-2: Grounds into double play, 4-6-3 (Groundball, 34, EV 86.9 MPH)
Top of the 8th over - 0 runs, 1 hit, 0 errors, 0 left on base; Iowa 0 - Gwinnett 5
BOTTOM OF THE 8TH
Gwinnett Braves batting - Pitching for Iowa Cubs : RHP Arnaldo Cardamenho
Now in LF: Seung-ho Zhang
Batting: SHB Bob Morales 0-0: Ball
1-0: Ball
2-0: Ball
3-0: Called Strike
3-1: Base on Balls
Batting: LHB Chris Locklear 0-0: SINGLE (Groundball, 4M, EV 97.5 MPH) (infield hit)
Bob Morales to second
Batting: LHB Mark Buchholz 0-0: Foul Ball, location: 2F
0-1: Ball
1-1: Ball
2-1: Ball
3-1: Foul Ball, location: 2F
3-2: Foul Ball, location: 2F
3-2: Base on Balls
Bob Morales to third
Chris Locklear to second
Batting: RHB Alex Munoz 0-0: Ball
1-0: Ball
2-0: Ball
3-0: Called Strike
3-1: Swinging Strike
3-2: Foul Ball, location: 2F
3-2: Strikes out looking
Batting: RHB Mike Meeker 0-0: Called Strike
0-1: Foul Ball, location: 2F
0-2: Foul Ball, location: 2F
0-2: Foul Ball, location: 2F
0-2: SINGLE (Groundball, 4MD, EV 110.6 MPH)
Bob Morales scores
Chris Locklear to third
Mark Buchholz to second
Runner from 3rd tries for Home, SAFE, throw by CF to home
Batting: SHB Eric Reeser 0-0: Called Strike
0-1: Ball
1-1: Foul Ball, location: 2F
1-2: Strikes out swinging
Batting: RHB Nate Taylor 0-0: Called Strike
0-1: Ball
1-1: Called Strike
1-2: Strikes out swinging
Bottom of the 8th over - 2 runs, 2 hits, 0 errors, 2 left on base; Iowa 0 - Gwinnett 7
TOP OF THE 9TH
Iowa Cubs batting - Pitching for Gwinnett Braves : RHP Ryan Casey
Batting: SHB Gabriel Cruz 0-0: Called Strike
0-1: Swinging Strike
0-2: Ball
1-2: SINGLE (Groundball, 34D, EV 100.6 MPH)
Batting: RHB Jon Aguilar 0-0: Ball
1-0: Foul Ball, location: 2F
1-1: SINGLE (Line Drive, 6MD, EV 94.4 MPH)
Gabriel Cruz to second
Batting: RHB Ricardo Aguinaga 0-0: Foul Ball, location: 2F
0-1: Foul Ball, location: 2F
0-2: Foul Ball, location: 2F
0-2: Grounds into double play, 5-4-3 (Groundball, 56, EV 103.1 MPH)
Gabriel Cruz to third
Batting: RHB Adam O'Hare 0-0: Foul Ball, location: 2F
0-1: Swinging Strike
0-2: Ball
1-2: Foul Ball, location: 2F
1-2: Strikes out swinging
Top of the 9th over - 0 runs, 2 hits, 0 errors, 1 left on base; Iowa 0 - Gwinnett 7
Tuesday, March 28th , 2023 - OOTP Baseball 23.10 Build 110